 Dungeon Crawl Stone Soup version 0.30-a0-165-g1891117ce2 (webtiles) character file.

Game seed: 2534607845785115907

79 lorenzova the Conjurer (level 4, -3/24 HPs)
             Began as a Deep Elf Conjurer on Sept 28, 2022.
             Was an Initiate of Vehumet.
             Slain by an iguana (9 damage)
             ... on level 4 of the Dungeon.
             The game lasted 00:04:58 (2887 turns).

lorenzova the Conjurer (Deep Elf Conjurer)          Turns: 2887, Time: 00:04:58

Health: -3/24      AC:  2    Str:  4    XL:     4   Next: 17%
Magic:  9/12       EV: 13    Int: 25    God:    Vehumet [......]
Gold:   100        SH:  0    Dex: 21    Spells: 9/12 levels left

rFire   + + .      SeeInvis .    o - +10 spear of Tomorrow {speed, rF++ rN+ Dex+2}
rCold   . . .      Faith    .    (no shield)
rNeg    + . .      Spirit   .    a - +0 robe
rPois   .          Reflect  .    (no helmet)
rElec   .          Harm     .    (no cloak)
rCorr   .          Rampage  .    (no gloves)
Will    .....                    (no boots)
Stlth   ++........               n - amulet of magic regeneration
HPRegen 0.08/turn                c - +6 ring of dexterity
MPRegen 0.53/turn                (no ring)

@: no status effects
A: no striking features
a: Renounce Religion


You were on level 4 of the Dungeon.
You worshipped Vehumet.
Vehumet was noncommittal.
You visited 1 branch of the dungeon, and saw 4 of its levels.

You collected 100 gold pieces.

Inventory:

Hand Weapons
 o - the +10 spear of Tomorrow (weapon) {speed, rF++ rN+ Dex+2}
   (You found it on level 2 of the Dungeon)

   Attacks with this weapon are significantly faster.
   Dex:       It affects your dexterity (+2).
   rF:        It greatly protects you from fire.
   rN:        It protects you from negative energy.
 p - the +10 dagger "Ygyzeuk" {venom, Str+5}
   (You found it on level 2 of the Dungeon)

   It poisons the flesh of those it strikes.
   Str:       It affects your strength (+5).
Armour
 a - a +0 robe (worn)
Jewellery
 c - a +6 ring of dexterity (left hand)
 n - an amulet of magic regeneration (around neck)
Scrolls
 e - a scroll of blinking
 h - a scroll of summoning {unknown}
 k - 5 scrolls of teleportation
 l - a scroll of fog {unknown}
 r - a scroll of silence {unknown}
 s - 4 scrolls of enchant weapon
 t - a scroll of vulnerability {unknown}
 u - 2 scrolls of amnesia {unknown}
Potions
 b - a potion of magic
 f - 7 potions of curing
 g - a potion of mutation
 i - a potion of berserk rage {unknown}
 j - a potion of heal wounds {unknown}
 m - a potion of lignification {unknown}
 q - 2 potions of haste {unknown}


   Skills:
 - Level 2.4 Dodging
 - Level 2.4 Stealth
 + Level 4.8 Spellcasting
 + Level 5.4 Conjurations


You had 9 spell levels left.
You knew the following spells:

 Your Spells              Type           Power      Damage    Failure   Level
a - Magic Dart            Conj           100%       1d8       1%          1
b - Searing Ray           Conj           66%        2d6       1%          2

Your spell library contained the following spells:

 Spells                   Type           Power      Damage    Failure   Level
 Dazzling Flash           Conj/Hex       38%        N/A       9%          3
 Stone Arrow              Conj/Erth      38%        3d9       9%          3
 Fulminant Prism          Conj/Hex       9%         3d7       26%         4
 Iskenderun's Mystic Bla  Conj/Tloc      19%        2d6       26%         4
 Animate Armour           Summ/Erth      12%        N/A       63%         4
 Agony                    Necr           6%         N/A       93%         5
 Silence                  Hex/Air        3%         N/A       93%         5
 Starburst                Conj/Fire      9%         6d5       99%         6
 Lehudib's Crystal Spear  Conj/Erth      9%         10d4      100%        8


Dungeon Overview and Level Annotations

Branches:
Dungeon (4/15)
 Temple: D:4-7

Altars:
Dithmenos
Fedhas
Okawaru
Qazlal
Trog
Vehumet
Wu Jian


Message History

Casting: Magic Dart (safe; 1% risk of failure)
Confirm with . or Enter, or press ? or * to list all spells.
Aiming: Magic Dart (safe; 1% risk of failure)
Press: ? - help, Shift-Dir - straight line, f/p - iguana
Aim: an iguana (100% to hit)
The magic dart hits the iguana.
The iguana is lightly wounded.
The iguana bites you!
Casting: Magic Dart (safe; 1% risk of failure)
Confirm with . or Enter, or press ? or * to list all spells.
Aiming: Magic Dart (safe; 1% risk of failure)
Press: ? - help, Shift-Dir - straight line, f/p - iguana
Aim: an iguana (lightly wounded, 100% to hit)
The magic dart hits the iguana but does no damage.
The iguana is lightly wounded.
The iguana bites you!
* * * LOW HITPOINT WARNING * * *
You hit the iguana.
The iguana is lightly wounded.
The iguana barely misses you.
Blink to where?
Press: ? - help, Dir - move target, p - iguana
As you read the scroll of blinking, it crumbles to dust.
Casting: Magic Dart (safe; 1% risk of failure)
Confirm with . or Enter, or press ? or * to list all spells.
Aiming: Searing Ray (safe; 1% risk of failure)
Press: ? - help, Shift-Dir - straight line, f - iguana
Aim: an iguana (lightly wounded, 83% to hit)
The searing ray misses the iguana. (Press . to maintain the ray.) Unknown command.
The searing ray hits the iguana.
The iguana is moderately wounded.
The searing ray hits the iguana but does no damage.
The iguana is moderately wounded.
The searing ray hits the iguana.
The iguana is moderately wounded.
You finish channelling your searing ray.
The iguana bites you!
You die...

##.....## ###.##
##..._...#.. #..##
#..⌠l..8...⌠ #.##
#....#..._.. #.#
#._.## ..... #.#
#....##########.#
#..8.....##.##..#
##...l...#.#
#..######
##..@....####........
#######.......######
#.......####
........##.#
........##...
##############


You could see an iguana.

Vanquished Creatures
  2 adders (D:3)
  A worm (D:2)
  3 dart slugs
  An orc (D:3)
  3 bats
  3 endoplasms
  2 giant cockroaches
  3 goblins
  7 hobgoblins
  3 jackals (D:2)
  4 quokkas
  5 ball pythons
  2 frilled lizards
  4 kobolds
  2 rats
45 creatures vanquished.

Vanquished Creatures (others)
  7 fungi (D:3)
7 creatures vanquished.

Grand Total: 52 creatures vanquished

Notes
Turn   | Place    | Note
-------+----------+-------------------------------------------
     0 | D:1      | lorenzova the Deep Elf Conjurer began the quest for the
                  | Orb.
     0 | D:1      | Reached XP level 1. HP: 10/10 MP: 6/6
    65 | D:1      | Found a faded altar of an unknown god.
   691 | D:1      | Reached XP level 2. HP: 15/15 MP: 2/8
   741 | D:1      | Learned a level 2 spell: Searing Ray
  1350 | D:2      | Reached skill level 5 in Conjurations
  1350 | D:2      | Reached XP level 3. HP: 19/19 MP: 5/10
  1539 | D:2      | Identified the +10 dagger "Ygyzeuk" {venom, Str+5}
  1542 | D:2      | Identified the +10 spear of Tomorrow {speed, rF++ rN+
                  | Dex+2}
  2029 | D:3      | Identified the +0 hand axe of the Shore {vorpal, Contam
                  | Str+5 Dex+4}
  2175 | D:3      | Found a stormy altar of Qazlal.
  2233 | D:3      | Reached XP level 4. HP: 24/24 MP: 8/12
  2582 | D:3      | Found a bloodstained altar of Trog.
  2670 | D:4      | Found an iron altar of Okawaru.
  2760 | D:4      | Found a radiant altar of Vehumet.
  2763 | D:4      | Found an ornate altar of the Wu Jian Council.
  2870 | D:4      | Became a worshipper of Vehumet
  2872 | D:4      | Found a shadowy altar of Dithmenos.
  2875 | D:4      | Found a blossoming altar of Fedhas.
  2887 | D:4      | Slain by an iguana

Illustrated notes

Levels and vault maps discovered:
D:1:      shiori_arrival_oz, layout_basic, hellmonk_ecumenical_altar_run_dry
D:2:      layout_rooms
D:3:      layout_loops_cross, overflow_temple_1_default,
          mainiacjoe_overflow_boulevard
D:4:      wander_river, layout_loops_ring, lemuel_crystal_altar,
          nicolae_overflow_hallway_of_the_gods, minmay_misc_feat_alley,
          st_stairs_4, uniq_sigmund

Skill      XL: |  1  2 |
---------------+-------+-----
Spellcasting   | 4 |  4.8
Conjurations   | 5 |  5.4
Dodging        | |  2.4
Stealth        | |  2.4

Action                   |  1- 3 |  4- 6 || total
-------------------------+-------+-------++-------
Melee: Spear             |     1 |     1 ||     2
 Cast: Magic Dart        |    81 |    13 ||    94
       Searing Ray       |       |     1 ||     1
  Use: Scroll            |     4 |     2 ||     6
Dodge: Dodged            |     6 |     1 ||     7

Table legend: (Time is in decaauts)
 A = Elapsed time spent in this place.
 B = Non-inter-level travel time spent in this place.
 C = Inter-level travel time spent in this place.
 D = Time resting spent in this place.
 E = Time spent auto-exploring this place.
 F = Levels seen in this place.
 G = Mean time per level.
                   A        B        C        D        E       F      G
               +--------+--------+--------+--------+--------+-----+--------+
         Total |   2888 |   2849 |     39 |   1201 |   1358 |   4 |  722.0 |
       Dungeon |   2888 |   2849 |     39 |   1201 |   1358 |   4 |  722.0 |
               +--------+--------+--------+--------+--------+-----+--------+

Top non-repeatable levels by time:
     D:1: 1011 daAuts
     D:2: 894 daAuts
     D:3: 752 daAuts
     D:4: 230 daAuts
